 Dungeon Crawl Stone Soup version 0.31-a0-544-gceb718ecc6 (webtiles) character file.

Game seed: 14674782409587201190

32374 ytrimaz the Mimic (level 13, -4/139 HPs)
             Began as an Octopode Shapeshifter on Aug 11, 2023.
             Was a Believer of Ashenzari.
             Succumbed to a cane toad's poison
             ... on level 4 of the Lair of Beasts on Aug 15, 2023.
             The game lasted 00:25:46 (15617 turns).

ytrimaz the Mimic (Octopode Shapeshifter)          Turns: 15617, Time: 00:25:46

Health: -4/139     AC: 26    Str: 19    XL:     13   Next: 64%
Magic:  1/31       EV:  2    Int: 16    God:    Ashenzari [**....]
Gold:   1556       SH:  0    Dex: 13    Spells: 12/12 levels left

rFire   . .          .
                       - Unarmed
rCold   + . .        (no shield)
rNeg    + . .        (helmet currently unavailable)
rPois   +            f - amulet "Eternal With Me" {Spirit, Fort, Comp} (curse)
rElec   .            v - ring of magical power
rCorr   .            G - ring "Restrained Incredulity" {MP+9, Melee, Self} (curse)
SInv    +            x - ring of wizardry
Will    ++...        y - +6 ring of intelligence
Stlth   ++++         K - ring "Tethered Embarrassment" {rPois rN+, Elem, Cun} (curse)
HPRegen 0.43/turn    I - ring of the Ensconced Sun {rC+ Will+, Dev, Self} (curse)
MPRegen 0.22/turn    P - ring of flight
                     (no ring)

%: guardian spirit, wizardry (x1)
@: lethally poisoned (-4 -> -30), tree-form
A: stationary, stasis, torment immunity, boosted hp, almost no armour,
(amphibious), 8 rings, (camouflage 1), (gelatinous body 1), (nimble swimmer 1),
(tentacles), strong-willed 1, mutation resistance 1, sense surroundings 1
a: Renounce Religion, Curse Item, Shatter the Chains


You were on level 4 of the Lair of Beasts.
You worshipped Ashenzari.
Ashenzari was pleased with you.
You were a tree.
You visited 3 branches of the dungeon, and saw 16 of its levels.
You also visited: Ossuary, Bailey and Volcano.

You collected 1556 gold pieces.


Innate Abilities, Weirdness & Mutations

You are a tree.
Your roots penetrate the ground, keeping you stationary.
You cannot be teleported.
You are immune to unholy pain and torment.
Your maximum health is greatly increased.
You cannot wear most types of armour.
((You are amphibious.))
You can wear up to eight rings at the same time.
((Your skin changes colour to match your surroundings (Stealth+).))
((Your rubbery body absorbs attacks. (AC +1, EV +1)))
((You are camouflaged when in or above water. (Stealth+)))
((You have tentacles for arms and can constrict up to eight enemies at once.))
You are strong-willed. (Will+)
You are somewhat resistant to further mutation.
You passively map a small area around you.


   Skills:
 - Level 8.6(10.3) Fighting
 * Level 12.6(13.6) Dodging
 - Level 7.6(8.8) Stealth
 - Level 7.8(9.0) Unarmed Combat
 + Level 13.3(14.4) Shapeshifting


You had 12 spell levels left.
You didn't know any spells.
Your spell library contained the following spells:

 Spells                   Type           Power      Damage    Failure   Level
 Necrotise                Necr           0%         1d4       10%         1
 Apportation              Tloc           0%         N/A       11%         1
 Magic Dart               Conj           0%         1d3       11%         1
 Ensorcelled Hibernation  Hex/Ice        0%         N/A       16%         2
 Poisonous Vapours        Pois/Air       0%         N/A       16%         2
 Searing Ray              Conj           0%         2d4       16%         2
 Ozocubu's Armour         Ice            0%         N/A       26%         3
 Mephitic Cloud           Conj/Pois/Air  0%         N/A       28%         3
 Volatile Blastmotes      Fire/Tloc      0%         2d10      28%         3
 Anguish                  Hex/Necr       0%         N/A       65%         4
 Fulminant Prism          Conj/Hex       0%         3d5       65%         4
 Summon Lightning Spire   Summ/Air       0%         N/A       65%         4
 Arcjolt                  Conj/Air       0%         1d10      92%         5
 Freezing Cloud           Conj/Ice/Air   0%         6-21      92%         5
 Lee's Rapid Deconstruct  Erth           0%         3d4*      92%         5
 Metabolic Englaciation   Hex/Ice        0%         N/A       92%         5
 Alistair's Intoxication  Tmut/Pois      0%         N/A       93%         5
 Simulacrum               Ice/Necr       0%         N/A       100%        6
 Ozocubu's Refrigeration  Ice            0%         4d7       100%        7
 Infestation              Necr           0%         N/A       100%        8
 Chain Lightning          Conj/Air       0%         N/A       100%        9
 Polar Vortex             Ice            0%         N/A       100%        9
 Animate Armour           Summ/Erth      Unusable   N/A       N/A         4

Inventory:

Missiles
 d - a throwing net
Armour
 C - a +0 hat
   (You took it off Gastronok on level 1 of the Lair of Beasts)
Jewellery
 f - the cursed amulet "Eternal With Me" (around neck) {Spirit, Fort, Comp}
   (You found it on level 1 of the Dungeon)

   [amulet of guardian spirit]

   Spirit:    It causes incoming damage to be divided between your reserves of
   health and magic.
   It has a curse which improves the following skills: Fortitude: Shields.
   Companions: Summonings and Necromancy.
 v - a ring of magical power (left branch)
   (You found it on level 3 of the Dungeon)
 x - a ring of wizardry (on tentacle)
   (You found it on level 3 of the Dungeon)
 y - a +6 ring of intelligence (on tentacle)
   (You found it on level 4 of the Dungeon)
 A - an amulet of the acrobat
   (You found it on level 5 of the Dungeon)
 G - the cursed ring "Restrained Incredulity" (right branch) {MP+9, Melee, Self}
   (You found it on level 7 of the Dungeon)

   [ring of magical power]

   MP+9:      It affects your magic capacity (+9).
   It has a curse which improves the following skills: Melee Combat: Short
   Blades, Long Blades, Axes, Maces & Flails, Polearms, Staves and Unarmed
   Combat.
   Introspection: Fighting and Spellcasting.
 I - the cursed ring of the Ensconced Sun (on tentacle) {rC+ Will+, Dev, Self}
   (You found it in a bailey)

   [ring of protection from cold]

   rC+:       It protects you from cold.
   Will+:     It increases your willpower.
   It has a curse which improves the following skills: Devices: Evocations and
   Shapeshifting.
   Introspection: Fighting and Spellcasting.
 K - the cursed ring "Tethered Embarrassment" (on tentacle) {rPois rN+, Elem, Cun}
   (You found it in a bailey)

   [ring of poison resistance]

   rPois:     It protects you from poison rN+: It protects you from negative
   energy.
   It has a curse which improves the following skills: Elements: Fire Magic, Ice
   Magic, Air Magic and Earth Magic.
   Cunning:   Dodging and Stealth.
 O - a ring of poison resistance
   (You found it on level 10 of the Dungeon)
 P - a ring of flight (on tentacle)
   (You found it on level 2 of the Lair of Beasts)
Talismans
 b - a beast talisman
 c - a flux talisman
 i - a serpent talisman
   (You found it on level 1 of the Dungeon)
Wands
 B - a wand of charming (8) (quivered)
   (You took it off Pikel on level 5 of the Dungeon)
 D - a wand of flame (7)
   (You found it on level 3 of the Lair of Beasts)
 E - a wand of digging (8)
   (You found it on level 6 of the Dungeon)
 F - a wand of iceblast (16)
   (You found it on level 7 of the Dungeon)
Scrolls
 g - 4 scrolls of enchant weapon
 h - 2 scrolls of silence
 j - 4 scrolls of teleportation
 k - 4 scrolls of poison
 n - 4 scrolls of vulnerability
 p - 3 scrolls of fear
 q - 3 scrolls of enchant armour
 r - 3 scrolls of noise
 s - a scroll of fog
 t - 6 scrolls of revelation
 w - 4 scrolls of immolation
 H - 3 scrolls of amnesia
 J - 3 scrolls of blinking
 L - a scroll of butterflies
 N - a scroll of torment
Potions
 e - 4 potions of brilliance
 l - 3 potions of attraction
 m - 2 potions of mutation
 o - 2 potions of resistance
 u - 3 potions of enlightenment
 z - 2 potions of haste
 M - a potion of might

Dungeon Overview and Level Annotations

Branches:
Dungeon (11/15) Zot: 26955  Temple (1/1) D:5 Zot: 5956    Lair (4/5) D:10 Zot: 18481
 Shoals (0/4) Lair:3        Snake (0/4) Lair:3      Ossuary (visited)
 Bailey (visited)         Volcano (visited)
  Slime: Lair:4-5       Orc: D:9-12

Altars:
Ashenzari
Cheibriados
Dithmenos
Elyvilon
Fedhas
Gozag
Hepliaklqana
Makhleb
Nemelex Xobeh
Okawaru
Qazlal
Ru
Sif Muna
Trog
Uskayaw
Vehumet
Wu Jian
Xom
Zin

Shops:
D:3 (   D:6 (   D:7 *!*?   D:8 ([=((   D:10 (

Annotations:
D:3 3 runed translucent doors, GoodGuyCap's ghost, weakling OpSh; SoEpicPie's ghost, amateur MiWn; wormstring's ghost, amateur VSSh
D:6 1 runed translucent door, jasper's ghost, amateur SpSh
D:9 3 runed translucent doors
D:11 Nergalle
Temple 2 transporters
Lair:2 3 runed translucent doors, exclusion: oklob plant, Wokir's ghost, journeyman DsEn

, , .... ... . ,, , , ..#.#
..#. , , , #....##..#** * ,
, , .........#### *## ,,
.........##.####.# , ,
..8.8..#..#.#....# ,
.......F..#F'...# ,...
...<....†.F♣#...# ...).
..........####+.#*#...... ,
#.8.8.#...# #.###.........
#.....#...####..##P........
.........#.................
,
#..F..#.##................,
* .#..##...................
, ,...,.................# *
, , .................##


You could see a cane toad (heavy contam) and 2 blink frogs.


Message History

The blink frog shudders as magic cascades through it!!
You kill the blink frog!
The cane toad closely misses you. The black mamba bites you. 😕 HP[-2]
You take 2 damage, and now have 77/93 hp.
The cane toad attacks as you move away! The cane toad misses you.
The black mamba misses you.
The black mamba bites you. 😕 HP[-1] MP[-1]
You take 1 damage, and now have 76/93 hp.
You lost 1 mp, and now have 25/31 mp.
The black mamba attacks as you move away!
The black mamba barely misses you. 😕 HP[+1]
The cane toad attacks as you move away! The cane toad closely misses you.
The black mamba closely misses you.
The blink frog blinks!
The cane toad misses you.
There is an open door here.
The black mamba bites you! 😮 HP[-8] MP[-2]
You take 8 damage, and now have 69/93 hp.
You lost 2 mp, and now have 23/31 mp.
You tentacle-slap the black mamba.
The black mamba begins to glow.
Your grab misses the black mamba. Your squeeze misses the black mamba.
The black mamba bites you! 😮 HP[-12] MP[-4]
You take 12 damage, and now have 57/93 hp.
You lost 4 mp, and now have 19/31 mp.
Unknown command.
You tentacle-slap the black mamba but do no damage.
The black mamba glows dangerously bright.
You grab the black mamba.
You squeeze the black mamba, but do no damage.
You constrict the black mamba, but do no damage.
The black mamba closely misses you. x2
You tentacle-slap the black mamba but do no damage.
The black mamba shudders as magic cascades through it!
The black mamba twists and deforms.
You constrict the black mamba. The black mamba bites you!
The blink frog blinks! 😮 HP[-8] MP[-3]
You take 8 damage, and now have 49/93 hp.
You lost 3 mp, and now have 16/31 mp.
You tentacle-slap the black mamba.
The black mamba begins to glow.
You squeeze the black mamba. You constrict the black mamba.
The black mamba closely misses you. x2 😮 HP[+1]
You tentacle-slap the black mamba.
The black mamba glows dangerously bright.
You constrict the black mamba.
You kill the black mamba!
The cane toad closely misses you.
Unknown command.
You bludgeon the cane toad!
The cane toad begins to glow.
Your grab misses the cane toad.
Your squeeze misses the cane toad. 😮 MP[+1]
The blink frog closely misses you.
The blink frog blinks!
The blink frog hits you. The cane toad barely misses you.
There is an open door, spattered with blood here.
You see here a black mamba corpse. 😮 HP[-1] MP[-1]
You take 1 damage, and now have 49/93 hp.
You lost 1 mp, and now have 16/31 mp.
Unknown command.
The blink frog attacks as you move away!
The blink frog hits you. The cane toad stings you!!
* * * LOW HITPOINT WARNING * * *
You are poisoned.
The cane toad poisons you! 😨 HP[-20] MP[-7]
You take 20 damage, and now have 29/93 hp.
MASSIVE DAMAGE!! (PAUSE)
You lost 7 mp, and now have 9/31 mp.
You tentacle-slap the cane toad but do no damage.
The cane toad glows dangerously bright.
You grab the cane toad.
You squeeze the cane toad, but do no damage.
You constrict the cane toad.
You feel very sick. The blink frog barely misses you.
The cane toad stings you!!
* * * LOW HITPOINT WARNING * * *
You are more poisoned.
The cane toad poisons you! 😱 HP[-20] MP[-6]
You take 20 damage, and now have 9/93 hp.
MASSIVE DAMAGE!! (PAUSE)
You lost 6 mp, and now have 3/31 mp.
Okay, then.
Your transformation has ended.
You turn into a tree.
Your roots penetrate the ground.
You lose your grip on the cane toad.
* * * LOW HITPOINT WARNING * * *
You feel extremely sick. The blink frog hits you!
* * * LOW HITPOINT WARNING * * *
The cane toad stings you.
* * * LOW HITPOINT WARNING * * *
The blink frog hits you but does no damage. 😱 HP[-8] MP[-3]
You now have 139 max hp (+46).
You lost 3 mp, and now have 0/31 mp.
Unknown command.
You smack the cane toad!
You die...

Skill      XL: |  1  2  3  4  5  6  7  8  9 10 11 12 13 |
---------------+----------------------------------------+-----
Shapeshifting  | 4 6 8 9 10 11 12 13 | 13.3
Fighting       | 2 4 6 7 8 |  8.6
Dodging        | 7 8 10 12 | 12.6
Unarmed Combat | 7 |  7.8
Stealth        | 4 7 |  7.6

Action                     |  1- 3 |  4- 6 |  7- 9 | 10-12 | 13-15 || total
---------------------------+-------+-------+-------+-------+-------++-------
  Melee: Unarmed           |    62 |    64 |   333 |   442 |   250 ||  1151
         Constrict         |    22 |    15 |    79 |    69 |    43 ||   228
         Tentacles         |    10 |       |       |       |    24 ||    34
         Punch             |       |       |       |     5 |     9 ||    14
 Invoke: Curse Item        |       |       |       |     4 |       ||     4
  Evoke: Wand              |       |       |       |    11 |       ||    11
    Use: Scroll            |       |       |     4 |     5 |     4 ||    13
         Potion            |       |       |       |    33 |     4 ||    37
   Stab: Sleeping          |     2 |       |       |     2 |       ||     4
         Distracted        |       |       |       |     1 |       ||     1
 Armour: Skin              |     9 |    24 |   138 |   279 |   129 ||   579
  Dodge: Dodged            |    26 |    23 |   155 |   231 |   227 ||   662
   Form: Anaconda          |     1 |       |       |       |       ||     1
         Flux              |       |       |       |       |     1 ||     1

Levels and vault maps discovered:
D:1:      minmay_arrival_four_loops, layout_basic, serial_forest,
          infiniplex_forest_clump_diagonal, infiniplex_forest_lined_room_,
          infiniplex_forest_lined_3, infiniplex_forest_end_1,
          infiniplex_forest_zigzag_1, infiniplex_forest_clump_tiny,
          chequers_serial_rivers_small_b
D:2:      layout_basic, shapermc_ecumenical_altar_mp_vishouse
D:3:      layout_loops_ring, serial_shops, nicolae_square_shop,
          gammafunk_ghost_cemetery
D:4:      layout_loops_corners, nicolae_elyvilon_temple_path
D:5:      layout_loops_cross, mainiacjoe_overflow_catwalk,
          minmay_temple_entry_proselytizer, chequers_ossuary_entry_cave,
          uniq_pikel
D:6:      layout_basic, kennysheep_mini_moat, ebering_ghost_reflecting_pool,
          serial_glass, glass_columns_b, glass_columns_b, serial_shops, shop
D:7:      lemuel_ratsnest, layout_rooms, chequers_temple_overflow_minitemple,
          serial_shops, shop, shop, shop, nicolae_shop_window_shopping
D:8:      layout_basic, serial_shops, shop, shop, nicolae_shop_waterfront,
          nicolae_stop_n_shop_1, shop, enter_bailey_7
D:9:      layout_roguey, mainiacjoe_overflow_small_starburst,
          nicolae_ru_the_path_less_chosen, amethyst_overflow_temple_binary,
          nicolae_overflow_hidden_temple,
          ploomutoo_gammafunk_ghost_potion_laboratory, library_closet,
          kennysheep_generic_room_7
D:10:     layout_loops_ring, lair_entry_dummy, serial_shops,
          nicolae_shop_bloodbath_and_beyond, uniq_sonja
D:11:     layout_basic, uniq_nergalle
Temple:   hellmonk_temple_divided_pantheon
Lair:1:   layout_chaotic_city, nzn_sisyphean_effort, uniq_gastronok
Lair:2:   hangedman_what_comes_after_a, layout_regular_city,
          gammafunk_ghost_necromancy
Lair:3:   layout_misc_corridors, nicolae_shoals_entry_roost,
          minmay_snake_entry_six_corridors, nicolae_volcano_entry_hallway,
          nzn_masters_of_martial_movement, lemuel_fruit_fields
Lair:4:   layout_regular_city, nicolae_slime_entry_field_trip,
          serial_bayou_shore_b, grunt_megastairs_2

Notes
Turn   | Place    | Note
-------+----------+-------------------------------------------
     0 | D:1      | ytrimaz the Octopode Shapeshifter began the quest for the
                  | Orb.
     0 | D:1      | Reached XP level 1. HP: 13/13 MP: 1/1
     0 | D:1      | magus.rc [v1.9.6]
   239 | D:1      | Reached XP level 2. HP: 18/18 MP: 2/2
   738 | D:2      | Reached XP level 3. HP: 14/23 MP: 1/3
  1047 | D:2      | You fall into a shaft and drop 2 floors!
  1095 | D:4      | Found a white marble altar of Elyvilon.
  1328 | D:2      | You pick up a book of Party Tricks and begin reading...
  1328 | D:2      | You add the spells Apportation and Alistair's Intoxication
                  | to your library.
  1722 | D:2      | Found a faded altar of an unknown god.
  1762 | D:2      | Reached XP level 4. HP: 15/28 MP: 4/4
  1912 | D:3      | Found Muzuwnu's Antique Weapon Boutique.
  2376 | D:3      | Found a runed translucent gate.
  2376 | D:3      | Found a runed translucent gate.
  2376 | D:3      | Found a runed translucent gate.
  2380 | D:3      | Noticed wormstring's ghost (amateur VSSh)
  2380 | D:3      | Noticed GoodGuyCap's ghost (weakling OpSh)
  2380 | D:3      | Noticed SoEpicPie's ghost (amateur MiWn)
  3074 | D:4      | Reached skill level 4 in Shapeshifting
  3280 | D:5      | Entered Level 5 of the Dungeon
  3329 | D:5      | Noticed a scorpion
  3334 | D:5      | Killed a scorpion
  3335 | D:5      | Reached skill level 2 in Fighting
  3335 | D:5      | Reached XP level 5. HP: 21/34 MP: 5/5
  3348 | D:5      | Noticed an ogre
  3354 | D:5      | Killed an ogre
  3355 | D:5      | Reached XP level 6. HP: 28/41 MP: 6/6
  3372 | D:5      | Found a snail-covered altar of Cheibriados.
  3386 | D:5      | Reached skill level 3 in Fighting
  3386 | D:5      | Reached skill level 5 in Shapeshifting
  3416 | D:5      | You pick up a book of Iron and begin reading...
  3416 | D:5      | You add the spells Summon Lightning Spire and Lee's Rapid
                  | Deconstruction to your library.
  3493 | D:5      | Noticed Pikel
  3506 | D:5      | Killed Pikel
  3507 | D:5      | Reached skill level 4 in Fighting
  3507 | D:5      | Reached skill level 6 in Shapeshifting
  3507 | D:5      | Reached XP level 7. HP: 18/48 MP: 7/7
  3615 | D:5      | Found a staircase to the Ecumenical Temple.
  3643 | D:5      | Found a sand-covered staircase.
  3650 | Ossuary  | Entered an ossuary
  3733 | Ossuary  | Reached XP level 8. HP: 48/54 MP: 8/8
  3774 | Ossuary  | Noticed a silent spectre
  3873 | Temple   | Found a transporter.
  3873 | Temple   | Found a transporter.
  3873 | Temple   | Found a transporter.
  3873 | Temple   | Found a transporter.
  3873 | Temple   | Entered the Ecumenical Temple
  3893 | Temple   | Became a worshipper of Ashenzari the Shackled
  3950 | D:5      | Reached skill level 5 in Fighting
  3950 | D:5      | Reached skill level 7 in Shapeshifting
  3969 | D:5      | You pick up a book of Ice and begin reading...
  3969 | D:5      | You add the spells Simulacrum, Ozocubu's Refrigeration and
                  | Polar Vortex to your library.
  4367 | D:6      | Found Peoskiuz's Weapon Shoppe.
  4531 | D:6      | Found a runed translucent door.
  4534 | D:6      | Noticed jasper's ghost (amateur SpSh)
  4805 | D:6      | Reached skill level 6 in Fighting
  4805 | D:6      | Reached skill level 8 in Shapeshifting
  4935 | D:6      | Reached XP level 9. HP: 62/62 MP: 9/9
  5050 | D:6      | Found an ornate altar of the Wu Jian Council.
  5124 | D:7      | Found a burning altar of Makhleb.
  5124 | D:7      | Found a shimmering blue altar of Sif Muna.
  5134 | D:7      | Found a shimmering altar of Xom.
  5136 | D:7      | Found a glowing silver altar of Zin.
  5138 | D:7      | Found an opulent altar of Gozag.
  5163 | D:7      | Found Pucask's General Store.
  5184 | D:7      | Found Tusi's Magic Scroll Emporium.
  5272 | D:7      | HP: 17/71 [orc priest/divine providence (8)]
  5277 | D:7      | HP: 16/72 [orc/+0 club (3)]
  5496 | D:7      | Found Sotenuv's Assorted Antiques.
  5614 | D:7      | Found Niras's Distillery.
  5943 | D:7      | Reached skill level 9 in Shapeshifting
  6006 | D:7      | Reached skill level 7 in Fighting
  6269 | D:7      | magus.rc [v1.9.6]
  6269 | D:7      | Upgraded the game from 0.31-a0-523-g071a6c1ffa to
                  | 0.31-a0-544-gceb718ecc6
  6269 | D:7      | magus.rc [v1.9.6]
  6291 | D:8      | Found Cupapne's Antique Armour Emporium.
  6309 | D:8      | You pick up a book of Vapours and begin reading...
  6309 | D:8      | You add the spells Poisonous Vapours, Mephitic Cloud and
                  | Freezing Cloud to your library.
  6317 | D:8      | You pick up a book of Winter and begin reading...
  6317 | D:8      | You add the spells Ozocubu's Armour and Metabolic
                  | Englaciation to your library.
  6412 | D:8      | Found a flagged portal.
  6579 | Bailey   | Entered a bailey
  6587 | Bailey   | Noticed an orc warlord
  6657 | Bailey   | Found a runed translucent gate.
  6657 | Bailey   | Found a runed translucent gate.
  6657 | Bailey   | Found a runed translucent gate.
  6673 | Bailey   | Reached XP level 10. HP: 28/72 MP: 9/10
  6920 | Bailey   | Gained mutation: Your spells are a little harder to cast,
                  | but a little more powerful. [potion of mutation]
  6920 | Bailey   | Gained mutation: You have supernaturally acute eyesight.
                  | (SInv) [potion of mutation]
  6920 | Bailey   | Gained mutation: You are vulnerable to cold. (rC-) [potion
                  | of mutation]
  6941 | Bailey   | HP: 11/86 [orc warlord/+5 battleaxe (11)]
  6943 | Bailey   | Killed an orc warlord
  6944 | Bailey   | Reached skill level 8 in Fighting
  6944 | Bailey   | Reached skill level 10 in Shapeshifting
  6959 | Bailey   | Identified the ring of the Barracuda {rC+ Will+}
  6969 | Bailey   | Identified the ring "Hacirghadgh" {rPois rN+}
  6973 | Bailey   | Lost mutation: You are vulnerable to cold. (rC-) [potion of
                  | mutation]
  6973 | Bailey   | Lost mutation: Your spells are a little harder to cast, but
                  | a little more powerful. [potion of mutation]
  6973 | Bailey   | Lost mutation: You have supernaturally acute eyesight.
                  | (SInv) [potion of mutation]
  6973 | Bailey   | Gained mutation: You passively map a small area around you.
                  | [potion of mutation]
  6973 | Bailey   | Gained mutation: You are strong-willed. (Will+) [potion of
                  | mutation]
  6973 | Bailey   | Gained mutation: You are somewhat resistant to further
                  | mutation. [potion of mutation]
  7166 | D:8      | Found Upocvazil's Weapon Shop.
  7241 | D:8      | Found Exesit's Jewellery Emporium.
  7424 | D:8      | Found Reatu's Antique Weapon Boutique.
  7484 | D:8      | Found Koruczidum's Weapon Emporium.
  7770 | D:8      | Reached skill level 7 in Dodging
  7770 | D:8      | Reached skill level 7 in Unarmed Combat
  7770 | D:8      | Reached XP level 11. HP: 77/77 MP: 11/11
  7788 | D:9      | Found a runed translucent gate.
  7788 | D:9      | Found a runed translucent gate.
  7788 | D:9      | Found a runed translucent gate.
  7789 | D:9      | Noticed a brown ugly thing
  7789 | D:9      | Noticed a green ugly thing
  7921 | D:9      | Noticed a red ugly thing
  7932 | D:9      | Noticed a brown ugly thing
  8011 | D:9      | You add the spells Arcjolt and Chain Lightning to your
                  | library.
  8011 | D:9      | Got Boseoc Byis's Elucidation of Blasts
  8041 | D:9      | Found a sacrificial altar of Ru.
  8130 | D:9      | Found a bloodstained altar of Trog.
  8253 | D:9      | Found a blossoming altar of Fedhas.
  8253 | D:9      | Found a radiant altar of Vehumet.
  8381 | D:9      | You pick up a book of Dreams and begin reading...
  8381 | D:9      | You add the spells Ensorcelled Hibernation and Anguish to
                  | your library.
  8460 | D:9      | HP: 24/117 [hornet (8)]
  8465 | D:9      | HP: 24/117 [poisoned by a hornet]
  8468 | D:9      | HP: 4/93 [hornet (8)]
  8473 | D:9      | HP: 13/93 [poisoned by a hornet]
  9016 | D:10     | Entered Level 10 of the Dungeon
  9170 | D:10     | Reached skill level 1 in Stealth
  9187 | D:10     | You pick up a book of Conjurations and begin reading...
  9187 | D:10     | You add the spells Magic Dart, Searing Ray and Fulminant
                  | Prism to your library.
  9239 | D:10     | Found Syorohuq's Weapon Shoppe.
  9262 | D:10     | Reached skill level 2 in Stealth
  9317 | D:10     | Noticed Sonja
  9325 | D:10     | Killed Sonja
  9326 | D:10     | Reached skill level 8 in Dodging
  9326 | D:10     | Reached skill level 11 in Shapeshifting
  9506 | D:10     | Found a staircase to the Lair.
  9680 | D:10     | Reached * piety under Ashenzari
  9680 | D:10     | Identified a scroll of acquirement
  9681 | D:10     | Acquired 622 gold pieces
  9915 | D:11     | Noticed a skeletal warrior
  9919 | D:11     | Noticed Nergalle
  9954 | Lair:1   | Entered Level 1 of the Lair of Beasts
 10070 | Lair:1   | Reached skill level 3 in Stealth
 10127 | Lair:1   | HP: 29/117 [poisoned by a black mamba]
 10132 | Lair:1   | HP: 17/117 [poisoned by a black mamba]
 10135 | Lair:1   | HP: 6/117 [yak (5)]
 10136 | Lair:1   | Reached skill level 4 in Stealth
 10140 | Lair:1   | HP: 9/117 [yak (6)]
 10423 | Lair:1   | Noticed Gastronok
 10469 | Lair:1   | Reached XP level 12. HP: 71/84 MP: 12/12
 10690 | Lair:1   | Reached skill level 5 in Stealth
 11044 | Lair:1   | Killed Gastronok
 11127 | Lair:1   | Noticed a boulder beetle
 11144 | Lair:1   | Killed a boulder beetle
 11145 | Lair:1   | Reached skill level 6 in Stealth
 11356 | Lair:2   | Identified the +7 dagger of Light {freeze, *Corrode rC+
                  | Dex+3}
 11414 | Lair:2   | Reached skill level 9 in Dodging
 11432 | Lair:2   | Reached skill level 12 in Shapeshifting
 11441 | Lair:2   | HP: 28/129 [killer bee (5)]
 11446 | Lair:2   | HP: 22/129 [killer bee (4)]
 11454 | Lair:2   | HP: 25/129 [killer bee (4)]
 11462 | Lair:2   | HP: 32/129 [killer bee (1)]
 11467 | Lair:2   | HP: 22/129 [poisoned by a killer bee]
 11470 | Lair:2   | HP: 8/103 [killer bee (5)]
 11480 | Lair:2   | HP: 21/129 [killer bee (5)]
 11485 | Lair:2   | HP: 27/129 [killer bee (4)]
 11497 | Lair:2   | HP: 28/129 [killer bee (3)]
 11502 | Lair:2   | HP: 20/129 [killer bee (4)]
 11507 | Lair:2   | HP: 7/129 [cane toad (13)]
 11803 | Lair:1   | Reached skill level 7 in Stealth
 11994 | Lair:2   | Reached ** piety under Ashenzari
 12111 | Lair:2   | Noticed a four-headed hydra
 12111 | Lair:2   | Identified the Atlas of Twisted Death
 12113 | Lair:2   | Identified the +0 robe of Twilight {Harm Fly Int-2}
 12132 | Lair:2   | Killed a four-headed hydra
 12235 | Lair:2   | You add the spells Necrotise, Volatile Blastmotes and
                  | Infestation to your library.
 12351 | Lair:2   | Reached skill level 10 in Dodging
 12650 | Lair:2   | Noticed a six-headed hydra
 12663 | Lair:2   | Killed a six-headed hydra
 12778 | Lair:2   | Reached XP level 13. HP: 93/93 MP: 13/13
 12971 | Lair:2   | Reached skill level 11 in Dodging
 13244 | Lair:2   | Found a runed translucent gate.
 13244 | Lair:2   | Found a runed translucent gate.
 13244 | Lair:2   | Found a runed translucent gate.
 13249 | Lair:2   | Noticed Wokir's ghost (journeyman DsEn)
 13762 | Lair:3   | Found a dark tunnel.
 13788 | Volcano  | Entered a volcano
 13893 | Lair:3   | HP: 30/139 [elephant (9)]
 13895 | Lair:3   | HP: 13/139 [elephant (2)]
 13896 | Lair:3   | HP: 5/139 [elephant (8)]
 13917 | Lair:3   | HP: 32/139 [elephant (1)]
 13922 | Lair:3   | Reached skill level 13 in Shapeshifting
 13922 | Lair:3   | HP: 31/139 [elephant (3)]
 13925 | Lair:3   | HP: 15/139 [elephant (2)]
 13934 | Lair:3   | HP: 17/139 [elephant (1)]
 14517 | Lair:3   | Reached skill level 12 in Dodging
 14619 | Lair:3   | magus.rc [v1.9.6]
 14699 | Lair:3   | Found a staircase to the Shoals.
 14876 | Lair:3   | HP: 23/93 [blink frog (10)]
 15216 | Lair:3   | Found an ornate altar of the Wu Jian Council.
 15218 | Lair:3   | Found a hide-covered altar of Uskayaw.
 15389 | Lair:3   | Found a staircase to the Snake Pit.
 15615 | Lair:4   | HP: 9/93 [cane toad (15)]
 15616 | Lair:4   | HP: 3/139 [blink frog (4)]
 15616 | Lair:4   | HP: 1/139 [cane toad (2)]
 15617 | Lair:4   | Succumbed to a cane toad's poison

Vanquished Creatures
  Gastronok (Lair:1)
  An orc warlord (Bailey)
  2 hydras (Lair:2)
  3 boulder beetles
  Sonja (D:10)
  A harpy (Lair:3)
  Pikel (D:5)
  6 elephants
  7 black mambas
  A rime drake (Lair:2)
  4 cane toads
  3 komodo dragons
  A queen bee (Lair:2)
  2 hornets
  4 dream sheep (Lair:3)
  9 blink frogs
  A shadow (D:10)
  5 wyverns
  7 basilisks
  16 yaks
  2 vampire mosquitoes (D:10)
  3 acid dragons (D:9)
  13 water moccasins
  2 sky beasts (D:7)
  An ice beast (D:6)
  5 orc warriors
  4 black bears
  2 ogres (D:5)
  10 wolves (Lair:2)
  2 centaurs
  A lemure (D:5)
  3 phantoms
  2 kobold brigands
  2 gnoll sergeants
  12 bullfrogs
  3 scorpions
  A wight (Ossuary)
  30 killer bees
  3 howler monkeys (D:8)
  2 bullfrog zombies (Ossuary)
  A centaur zombie (Ossuary)
  A human zombie (Ossuary)
  A jelly (D:7)
  8 orc priests
  A sleepcap (D:7)
  An iguana (D:6)
  9 orc wizards
  5 hell rats
  10 gnolls
  7 adders
  5 river rats
  A shadow imp (D:7)
  An ufetubus (D:4)
  3 adder zombies (Ossuary)
  2 dart slugs
  29 orcs
  9 ball pythons
  6 bats
  3 endoplasms
  A giant cockroach (D:2)
  14 goblins
  13 hobgoblins
  18 kobolds
  11 quokkas
  4 gnoll zombies (Ossuary)
  3 goblin zombies (Ossuary)
  8 orc zombies (Ossuary)
  20 rats
  2 butterflies (Lair:3)
376 creatures vanquished.

Vanquished Creatures (others)
  A cane toad (Lair:2)
  3 killer bees (Lair:2)
4 creatures vanquished.

Grand Total: 380 creatures vanquished

Table legend:
 A = Non-vault XP
 B = Vault XP
 C = Vault XP percentage of total XP
 D = Non-vault monster count
 E = Vault monster count
 F = Vault count percentage of total count
                 A         B        C        D         E       F
            +---------+---------+-------+---------+---------+-------
      Total |   22949 |   17370 |  43.1 |     214 |     160 |  42.8
            +---------+---------+-------+---------+---------+-------
        D:1 |      25 |       0 |   0.0 |      14 |       0 |   0.0
        D:2 |      47 |       0 |   0.0 |      20 |       0 |   0.0
        D:3 |      38 |       0 |   0.0 |      14 |       0 |   0.0
        D:4 |      29 |       0 |   0.0 |      10 |       0 |   0.0
        D:5 |     468 |     612 |  56.7 |       9 |       2 |  18.2
        D:6 |     974 |       0 |   0.0 |      22 |       0 |   0.0
        D:7 |     992 |     360 |  26.6 |      16 |      33 |  67.3
        D:8 |     377 |      32 |   7.8 |      14 |       4 |  22.2
        D:9 |     805 |     536 |  40.0 |      10 |       3 |  23.1
       D:10 |    1280 |     782 |  37.9 |      17 |       1 |   5.6
     Lair:1 |    4882 |    2853 |  36.9 |      22 |       3 |  12.0
     Lair:2 |    7136 |    5968 |  45.5 |      25 |      50 |  66.7
     Lair:3 |    5896 |    3258 |  35.6 |      21 |      10 |  32.3
     Lair:4 |       0 |     920 | 100.0 |       0 |       3 | 100.0
    Ossuary |       0 |     285 | 100.0 |       0 |      23 | 100.0
     Bailey |       0 |    1764 | 100.0 |       0 |      28 | 100.0
            +---------+---------+-------+---------+---------+-------

Skill      XL: |  1  2  3  4  5  6  7  8  9 10 11 12 13 |
---------------+----------------------------------------+-----
Shapeshifting  | 4 6 8 9 10 11 12 13 | 13.3
Fighting       | 2 4 6 7 8 |  8.6
Dodging        | 7 8 10 12 | 12.6
Unarmed Combat | 7 |  7.8
Stealth        | 4 7 |  7.6

Action                     |  1- 3 |  4- 6 |  7- 9 | 10-12 | 13-15 || total
---------------------------+-------+-------+-------+-------+-------++-------
  Melee: Unarmed           |    62 |    64 |   333 |   442 |   250 ||  1151
         Constrict         |    22 |    15 |    79 |    69 |    43 ||   228
         Tentacles         |    10 |       |       |       |    24 ||    34
         Punch             |       |       |       |     5 |     9 ||    14
 Invoke: Curse Item        |       |       |       |     4 |       ||     4
  Evoke: Wand              |       |       |       |    11 |       ||    11
    Use: Scroll            |       |       |     4 |     5 |     4 ||    13
         Potion            |       |       |       |    33 |     4 ||    37
   Stab: Sleeping          |     2 |       |       |     2 |       ||     4
         Distracted        |       |       |       |     1 |       ||     1
 Armour: Skin              |     9 |    24 |   138 |   279 |   129 ||   579
  Dodge: Dodged            |    26 |    23 |   155 |   231 |   227 ||   662
   Form: Anaconda          |     1 |       |       |       |       ||     1
         Flux              |       |       |       |       |     1 ||     1

Illustrated notes

Table legend:
 A = Kills in this place as a percentage of kills in the entire game.
 B = Kills by you in this place as a percentage of kills by you in the entire game.
 C = Kills by friends in this place as a percentage of kills by friends in the entire game.
 D = Other kills in this place as a percentage of other kills in the entire game.
 E = Experience gained in this place as a percentage of experience gained in the entire game.
 F = Experience gained in this place divided by the number of levels of this place that you have seen.
                   A       B       C       D       E      F
               +-------+-------+-------+-------+-------+----------------------
         Total | 100.0 | 100.0 |   N/A | 100.0 | 100.0 | 2122.1
       Dungeon |  50.5 |  50.7 |   N/A |   0.0 |  18.2 | 668.8
          Lair |  35.8 |  35.7 |   N/A | 100.0 |  76.7 | 7728.2
       Ossuary |   6.1 |   6.2 |   N/A |   0.0 |   0.7 | 285.0
        Bailey |   7.5 |   7.5 |   N/A |   0.0 |   4.4 | 1764.0
               +-------+-------+-------+-------+-------+----------------------

Table legend: (Time is in decaauts)
 A = Elapsed time spent in this place.
 B = Non-inter-level travel time spent in this place.
 C = Inter-level travel time spent in this place.
 D = Time resting spent in this place.
 E = Time spent auto-exploring this place.
 F = Levels seen in this place.
 G = Mean time per level.
                   A        B        C        D        E       F      G
               +--------+--------+--------+--------+--------+-----+--------+
         Total |  15419 |  15152 |    267 |   1360 |  10903 |  19 |  811.5 |
       Dungeon |   9282 |   9080 |    202 |    311 |   7365 |  11 |  843.8 |
        Temple |     43 |     32 |     11 |      0 |      0 |   1 |   43.0 |
          Lair |   5518 |   5464 |     54 |   1049 |   3254 |   4 | 1379.5 |
       Ossuary |    161 |    161 |      0 |      0 |     67 |   1 |  161.0 |
        Bailey |    376 |    376 |      0 |      0 |    203 |   1 |  376.0 |
       Volcano |     35 |     35 |      0 |      0 |     14 |   1 |   35.0 |
               +--------+--------+--------+--------+--------+-----+--------+

Top non-repeatable levels by time:
  Lair:2: 2266 daAuts
  Lair:1: 1717 daAuts
  Lair:3: 1458 daAuts
     D:9: 1198 daAuts
     D:7: 1168 daAuts
     D:8: 1107 daAuts
     D:6: 991 daAuts
    D:10: 897 daAuts
     D:2: 892 daAuts
     D:4: 838 daAuts
     D:3: 817 daAuts
     D:1: 725 daAuts
     D:5: 626 daAuts
  Bailey: 376 daAuts
 Ossuary: 161 daAuts
